 Dungeon Crawl Stone Soup version 0.26-a0-489-g112e8ad (webtiles) character file.

Game seed: 16202638974565138144

12357 Illumine the Frost Mage (level 11, -6/124 HPs)
             Began as a Gnoll Ice Elementalist on Aug 2, 2020.
             Was a High Priest of Vehumet.
             Mangled by a ghoul (11 damage)
             ... on level 14 of the Dungeon on Aug 3, 2020.
             The game lasted 00:31:49 (12256 turns).

Illumine the Frost Mage (Gnoll Ice Elementalist)   Turns: 12256, Time: 00:31:50

Health: -6/124     AC: 25    Str: 10    XL:     11   Next: 92%
Magic:  3/23       EV:  2    Int: 22    God:    Vehumet [*****.]
Gold:   954        SH:  5    Dex: 15    Spells: 8/27 levels left

rFire    . . .     SeeInvis .   L - +0 triple sword (vorpal)
rCold    . . .     Faith    .   (shield currently unavailable)
rNeg     + + +     Spirit   .   (armour currently unavailable)
rPois    +         Reflect  +   (helmet currently unavailable)
rElec    .         Harm     .   (cloak currently unavailable)
rCorr    .         NoTele   +   (gloves currently unavailable)
MR       .....                  (boots currently unavailable)
Stlth    ++++......             R - amulet of reflection
HPRegen  0.30/turn              y - ring of wizardry
MPRegen  0.18/turn              (no ring)

@: tree-form
A: distributed training, strong nose
a: Renounce Religion


You were on level 14 of the Dungeon.
You worshipped Vehumet.
Vehumet was extremely pleased with you.
You were a tree.
You visited 2 branches of the dungeon, and saw 13 of its levels.
You also visited: Sewer.

You collected 954 gold pieces.

Inventory:

Hand Weapons
 p - a +0 quarterstaff
 E - a +1 halberd
 G - the +2 mace of Senag {drain, +Inv MR- Str+5}
   (You found it on level 6 of the Dungeon)

   A truly terrible weapon, it drains the life of those it strikes.
   It affects your strength (+5).
   It affects your resistance to hostile enchantments.
   It lets you turn invisible.
 H - a +0 broad axe
 L - a +0 vorpal triple sword (weapon)
 U - a +1 scimitar of flaming
Missiles
 c - 405 stones (quivered)
 d - 2 boomerangs
 n - 46 poisoned darts
Armour
 s - a +0 pair of gloves (melded)
 t - a +0 buckler
 w - a +1 troll leather armour (melded) {Purgy}
 T - a +0 helmet (melded)
Jewellery
 y - a ring of wizardry (left branch)
 R - an amulet of reflection (around neck)
Wands
 F - a wand of disintegration (9)
 I - a wand of paralysis (2)
 J - a wand of iceblast (20)
 M - a wand of enslavement (5)
 N - a wand of clouds (2)
 P - a wand of random effects (37)
Scrolls
 b - 2 scrolls of teleportation
 f - 2 scrolls of fear
 l - 5 scrolls of remove curse
 m - a scroll of noise
 u - 3 scrolls of enchant weapon
 x - a scroll of enchant armour
Potions
 g - 3 potions of curing
 i - 2 potions of haste
 k - a potion of mutation {unknown}
 o - a potion of cancellation
 q - 5 potions of flight
 r - a potion of brilliance {unknown}
 z - a potion of resistance
 A - 3 potions of stabbing
 B - 2 potions of might
 D - 2 potions of lignification
 K - a potion of berserk rage {unknown}
 O - 2 potions of invisibility {unknown}
 S - a potion of ambrosia {unknown}


   Skills:
 + Level 6.7 Fighting
 + Level 6.7 Short Blades
 + Level 6.7 Long Blades
 + Level 6.7 Axes
 + Level 6.7 Maces & Flails
 + Level 6.7 Polearms
 + Level 6.7 Staves
 + Level 6.7 Slings
 + Level 6.7 Bows
 + Level 6.7 Crossbows
 + Level 6.7 Throwing
 + Level 6.7 Armour
 + Level 8.2 Dodging
 + Level 8.0 Stealth
 + Level 6.7 Shields
 + Level 6.7 Unarmed Combat
 + Level 8.5 Spellcasting
 + Level 5.6 Conjurations
 + Level 5.6 Hexes
 + Level 5.6 Summonings
 + Level 5.6 Necromancy
 + Level 5.6 Translocations
 + Level 5.6 Transmutations
 + Level 5.6 Fire Magic
 + Level 9.1 Ice Magic
 + Level 5.6 Air Magic
 + Level 5.6 Earth Magic
 + Level 5.6 Poison Magic
 + Level 7.4 Invocations
 + Level 6.7 Evocations


You had 8 spell levels left.
You knew the following spells:

 Your Spells              Type           Power        Failure   Level
a - Freeze                Ice            ####         1%          1
b - Frozen Ramparts       Ice            #####.       1%          3
c - Ozocubu's Armour      Ice            #####...     1%          3
d - Hailstorm             Conj/Ice       #####...     1%          4
e - Summon Ice Beast      Ice/Summ       #####...     1%          4
f - Airstrike             Air            ####......   1%          4

Your spell library contained the following spells:

 Spells                   Type           Power        Failure   Level
 Animate Skeleton         Necr           ####..       1%          1
 Magic Dart               Conj           ####         1%          1
 Pain                     Necr           ####         1%          1
 Searing Ray              Conj           ####..       1%          2
 Dazzling Flash           Conj/Hex       ####..       1%          3
 Vampiric Draining        Necr           ####......   1%          3
 Fulminant Prism          Conj/Hex       ####......   1%          4
 Iskenderun's Mystic Bla  Conj/Tloc      ####....     1%          4
 Animate Dead             Necr           ####......   2%          4
 Agony                    Necr           ####....     9%          5


Dungeon Overview and Level Annotations

Branches:
Dungeon (11/15)            Temple (1/1) D:4            Lair (0/6) D:10
  Sewer (visited)
    Orc: D:9-12

Altars:
Cheibriados
Dithmenos
Fedhas
Gozag
Hepliaklqana
Kikubaaqudgha
Makhleb
Nemelex Xobeh
Qazlal
Ru
Sif Muna
Trog
Uskayaw
Vehumet
Zin
The Shining One

Shops:
D:6 !   D:7 (   D:8 [


Innate Abilities, Weirdness & Mutations

Your experience applies equally to all skills.
((You have very sharp teeth.))
Your uncanny sense of smell can sniff out nearby items.


Message History

Your magical effects are unravelling.
You feel magically purged.
You feel yourself slow down.
Your ice beast hits the ghoul.
Your ice beast freezes the ghoul.
The ghoul resists.
It was a potion of lignification.
You turn into a tree.
Your +0 helmet melds into your body.
Your +0 pair of gloves melds into your body.
Your +1 troll leather armour {Purgy} melds into your body.
Your roots penetrate the ground.
The ghoul claws your ice beast! x2
Your ice beast hits the ghoul but does no damage.
You hit the ghoul.
The ghoul is heavily damaged.
Your ice beast hits the ghoul but does no damage.
The ghoul claws you!
* * * LOW HITPOINT WARNING * * *
The ghoul claws you but does no damage.
Your ice beast hits the ghoul but does no damage. x2
The ghoul claws you!
You die...

##......#*,***** *,**,,,*
*###.......##,*,,,***,,,,,,*****
*..............,,,,,,,,,,,,,,,,,
*,**#.z.MM#*#.#*,,,,,,,,,,******
*,* #..Z..# #..,,,8,,,,,,,* *,*
####### #.#,,,,,,,***** *,*
#.#*,,,,,,* *,* #.#######.###
*.###########.#♣nY..§§§.#
*>.l...(.......M.Y.###°.#
**######.####.#....#**,,* #.#
#.#..#.#≈≈,,* #.# #.#..#.#≈≈,,**
#.# #.#..#.#≈≈≈,,*
#.#**#.#..#.#≈≈≈,,*
#.#,,..#..#.#≈≈≈,,**
#.#,*.....#,*≈≈≈≈,,*** *


You could see a ghoul, a mummy and 2 friendly ice beasts.

Vanquished Creatures
  Erolcha (D:10)
  Erica (D:11)
  A two-headed ogre (D:14)
  Nergalle (D:10)
  A skeletal warrior (D:14)
  An unseen horror (D:10)
  A manticore (D:10)
  3 trolls
  2 hippogriffs
  A wraith (D:10)
  3 yaks (D:7)
  Purgy (Sewer)
  3 ice beasts
  2 sky beasts
  5 orc warriors
  An ogre (D:11)
  2 necrophages
  6 centaurs
  5 bullfrogs
  A big kobold (D:8)
  A scorpion (D:5)
  15 killer bees
  An electric eel (D:10)
  4 howler monkeys
  A bullfrog zombie (D:7)
  A quasit (D:7)
  A centaur zombie (D:10)
  14 hounds
  2 orc priests
  A gnoll shaman (D:5)
  2 jellies (D:8)
  4 orc wizards
  2 bullfrog skeletons
  A centaur skeleton (D:4)
  3 iguanas
  7 worker ants
  2 hound skeletons
  A worker ant zombie (D:9)
  2 howler monkey skeletons
  8 gnolls (D:5)
  13 adders
  An ooze (D:2)
  4 worms
  A dart slug (D:1)
  7 leopard geckos
  31 orcs
  9 giant cockroaches
  6 goblins
  11 hobgoblins
  4 jackals
  9 kobolds
  4 quokkas
  A ball python skeleton (D:4)
  8 bats
  2 frilled lizards
  A leopard gecko skeleton (D:9)
  A quokka zombie (D:9)
  6 rats
234 creatures vanquished.

Vanquished Creatures (collateral kills)
  A two-headed ogre (D:8)
  2 trolls
  A queen bee (D:11)
  4 hippogriffs
  A yak (D:7)
  An ice beast (D:10)
  A phantom (D:9)
  A wolf (D:10)
  A necrophage (D:8)
  A centaur (D:5)
  An ogre (D:10)
  A bullfrog (D:10)
  17 killer bees
  An electric eel (D:10)
  A quasit (D:11)
  A hound (D:10)
  3 orc priests
  A jelly (D:10)
  A worker ant (D:10)
  A mummy (D:14)
  A leopard gecko (D:5)
  6 orcs
  2 quokkas
51 creatures vanquished.

Vanquished Creatures (others)
  5 plants (D:7)
  2 withered plants (D:14)
7 creatures vanquished.

Grand Total: 292 creatures vanquished

Notes
Turn   | Place    | Note
-------+----------+-------------------------------------------
     0 | D:1      | Illumine the Gnoll Ice Elementalist began the quest for the
                  | Orb.
     0 | D:1      | Reached XP level 1. HP: 13/13 MP: 6/6
   270 | D:1      | Reached XP level 2. HP: 19/19 MP: 4/7
  1142 | D:1      | Reached XP level 3. HP: 25/25 MP: 5/9
  1180 | D:1      | Learned a level 3 spell: Frozen Ramparts
  1184 | D:1      | Learned a level 3 spell: Ozocubu's Armour
  1277 | D:2      | Reached skill level 5 in Spellcasting
  1365 | D:2      | Reached skill level 1 in Invocations
  1743 | D:2      | Reached skill level 1 in Fighting
  1743 | D:2      | Reached skill level 1 in Short Blades
  1743 | D:2      | Reached skill level 1 in Long Blades
  1743 | D:2      | Reached skill level 1 in Axes
  1743 | D:2      | Reached skill level 1 in Maces & Flails
  1743 | D:2      | Reached skill level 1 in Polearms
  1743 | D:2      | Reached skill level 1 in Staves
  1743 | D:2      | Reached skill level 1 in Slings
  1743 | D:2      | Reached skill level 1 in Bows
  1743 | D:2      | Reached skill level 1 in Crossbows
  1743 | D:2      | Reached skill level 1 in Throwing
  1743 | D:2      | Reached skill level 1 in Armour
  1743 | D:2      | Reached skill level 1 in Shields
  1743 | D:2      | Reached skill level 1 in Unarmed Combat
  1743 | D:2      | Reached skill level 1 in Evocations
  1893 | D:2      | Found a glowing silver altar of Zin.
  1954 | D:2      | Reached XP level 4. HP: 32/32 MP: 6/11
  2412 | D:3      | Reached skill level 1 in Conjurations
  2412 | D:3      | Reached skill level 1 in Hexes
  2412 | D:3      | Reached skill level 1 in Summonings
  2412 | D:3      | Reached skill level 1 in Necromancy
  2412 | D:3      | Reached skill level 1 in Translocations
  2412 | D:3      | Reached skill level 1 in Transmutations
  2412 | D:3      | Reached skill level 1 in Fire Magic
  2412 | D:3      | Reached skill level 1 in Air Magic
  2412 | D:3      | Reached skill level 1 in Earth Magic
  2412 | D:3      | Reached skill level 1 in Poison Magic
  2504 | D:3      | Found a glowing drain.
  2525 | Sewer    | Entered a sewer
  2656 | Sewer    | Noticed Purgy
  2663 | Sewer    | Killed Purgy
  2663 | Sewer    | Reached XP level 5. HP: 29/37 MP: 6/12
  3078 | D:3      | Learned a level 4 spell: Hailstorm
  3340 | D:4      | Reached XP level 6. HP: 42/44 MP: 7/13
  3450 | D:4      | Learned a level 4 spell: Summon Ice Beast
  3671 | D:4      | Reached skill level 5 in Dodging
  3728 | D:4      | Found a staircase to the Ecumenical Temple.
  3740 | Temple   | Entered the Ecumenical Temple
  3763 | Temple   | Became a worshipper of Vehumet
  4069 | D:5      | Entered Level 5 of the Dungeon
  4246 | D:5      | Reached XP level 7. HP: 46/50 MP: 6/15
  4576 | D:5      | Reached * piety under Vehumet
  4576 | D:5      | Offered knowledge of Sandblast by Vehumet.
  4607 | D:5      | Reached skill level 5 in Stealth
  5049 | D:6      | Reached XP level 8. HP: 54/57 MP: 16/16
  5169 | D:6      | Got a warped mace
  5172 | D:6      | Identified the cursed +2 mace of Senag {drain, +Inv MR-
                  | Str+5} (You found it on level 6 of the Dungeon)
  5535 | D:6      | Found Zabud's Distillery.
  5730 | D:7      | Noticed a yak
  5730 | D:7      | Noticed a yak
  5730 | D:7      | Noticed a yak
  5730 | D:7      | Noticed a yak
  5822 | D:7      | Noticed a hippogriff
  5830 | D:7      | Killed a hippogriff
  5961 | D:7      | Killed a yak
  5962 | D:7      | Killed a yak
  5967 | D:7      | Killed a yak
  5967 | D:7      | Reached XP level 9. HP: 59/65 MP: 10/18
  5969 | D:7      | Reached ** piety under Vehumet
  5969 | D:7      | Offered knowledge of Shock by Vehumet.
  6235 | D:7      | Noticed a troll
  6260 | D:7      | Killed a troll
  6394 | D:7      | Found a shadowy altar of Dithmenos.
  6526 | D:7      | Found a blossoming altar of Fedhas.
  6560 | D:7      | Found Nuimm's Weapon Shop.
  6682 | D:7      | Reached skill level 8 in Ice Magic
  6836 | D:8      | Found Geirghale's Armour Shoppe.
  7027 | D:8      | Noticed a two-headed ogre
  7033 | D:8      | Killed a two-headed ogre
  7033 | D:8      | Reached skill level 5 in Invocations
  7473 | D:8      | Reached XP level 10. HP: 54/71 MP: 17/20
  7940 | D:9      | Reached skill level 5 in Fighting
  7940 | D:9      | Reached skill level 5 in Short Blades
  7940 | D:9      | Reached skill level 5 in Long Blades
  7940 | D:9      | Reached skill level 5 in Axes
  7940 | D:9      | Reached skill level 5 in Maces & Flails
  7940 | D:9      | Reached skill level 5 in Polearms
  7940 | D:9      | Reached skill level 5 in Staves
  7940 | D:9      | Reached skill level 5 in Slings
  7940 | D:9      | Reached skill level 5 in Bows
  7940 | D:9      | Reached skill level 5 in Crossbows
  7940 | D:9      | Reached skill level 5 in Throwing
  7940 | D:9      | Reached skill level 5 in Armour
  7940 | D:9      | Reached skill level 5 in Shields
  7940 | D:9      | Reached skill level 5 in Unarmed Combat
  7940 | D:9      | Reached skill level 5 in Evocations
  8111 | D:9      | Found a sacrificial altar of Ru.
  8124 | D:9      | Offered knowledge of Ignite Poison by Vehumet.
  8221 | D:9      | Found a snail-covered altar of Cheibriados.
  8287 | D:9      | Reached *** piety under Vehumet
  8559 | D:9      | Offered knowledge of Inner Flame by Vehumet.
  8615 | D:9      | Found a shimmering blue altar of Sif Muna.
  8721 | D:9      | Found a stormy altar of Qazlal.
  8723 | D:9      | Found a hazy altar of Hepliaklqana.
  8831 | D:10     | Entered Level 10 of the Dungeon
  8903 | D:10     | Noticed a catoblepas
  9087 | D:10     | Noticed a manticore
  9163 | D:10     | Noticed Erolcha
  9167 | D:10     | Killed an unseen horror
  9203 | D:10     | Killed Erolcha
  9203 | D:10     | Reached XP level 11. HP: 40/78 MP: 8/22
  9439 | D:10     | Found a staircase to the Lair.
  9663 | D:10     | Reached **** piety under Vehumet
  9799 | D:10     | Reached skill level 5 in Conjurations
  9799 | D:10     | Reached skill level 5 in Hexes
  9799 | D:10     | Reached skill level 5 in Summonings
  9799 | D:10     | Reached skill level 5 in Necromancy
  9799 | D:10     | Reached skill level 5 in Translocations
  9799 | D:10     | Reached skill level 5 in Transmutations
  9799 | D:10     | Reached skill level 5 in Fire Magic
  9799 | D:10     | Reached skill level 5 in Air Magic
  9799 | D:10     | Reached skill level 5 in Earth Magic
  9799 | D:10     | Reached skill level 5 in Poison Magic
 10045 | D:10     | Offered knowledge of Airstrike by Vehumet.
 10051 | D:10     | Learned a level 4 spell: Airstrike
 10139 | D:10     | Noticed Nergalle
 10407 | D:11     | Noticed a red ugly thing
 10466 | D:11     | Noticed a cyclops
 10559 | D:10     | Killed Nergalle
 10947 | D:10     | Killed a manticore
 11178 | D:11     | Reached skill level 9 in Ice Magic
 11402 | D:11     | Noticed a cyclops
 11421 | D:11     | Noticed Erica
 11432 | D:11     | Killed Erica
 11565 | D:11     | Reached ***** piety under Vehumet
 11763 | D:11     | You fall into a shaft and drop 3 floors!
 11764 | D:14     | Noticed a skeletal warrior
 11913 | D:14     | Noticed a two-headed ogre
 11966 | D:14     | Killed a two-headed ogre
 12090 | D:14     | Killed a skeletal warrior
 12234 | D:14     | Noticed a ghoul
 12256 | D:14     | HP: 5/124 [ghoul (15)]
 12256 | D:14     | Mangled by a ghoul

Illustrated notes

Levels and vault maps discovered:
D:1:      dpeg_arrival_arbitrary_a, layout_basic, minmay_tetromino_t4
D:2:      layout_rooms, lemuel_coloured_pillars_altar,
          minmay_misc_feat_secret_circle, minmay_misc_feat_room,
          grunt_ministairs_10
D:3:      kennysheep_six_static_rooms, layout_loops_ring, gup_sewer_entry_pipe,
          corexii_item_surrounded_by_moat
D:4:      layout_gridville, minmay_temple_entry_grid
D:5:      layout_gridville, kennysheep_dice
D:6:      layout_basic, serial_shops, shop
D:7:      layout_rooms, lemuel_round_altar, serial_shops, shop,
          fedhas_altar_decomposition
D:8:      layout_layer_cave, serial_shops, shop
D:9:      layout_loops_cross, lemuel_doored_altar, overflow_temple_1_default,
          grunt_temple_overflow_open, nicolae_ru_sacrificial_ziggurat
D:10:     nzn_motion_control, layout_irregular_city, erik_lair_island,
          uniq_erolcha, uniq_nergalle
D:11:     layout_small_grid, hiddenorc1_lemuel, serial_shops, shop, special_room
          [special_room_bee], uniq_erica
D:14:     cheibrodos_magma_flow, layout_basic, david_vaults_5,
          hangedman_decor_push, serial_undead, serial_undead_d, serial_undead_b,
          serial_undead_a, serial_undead_a
Temple:   lightli_temple_of_artemis

Skill      XL: |  1  2  3  4  5  6  7  8  9 10 11 |
---------------+----------------------------------+-----
Spellcasting   | 5 6 7 8 |  8.5
Invocations    | 1 2 3 4 5 6 7 |  7.4
Fighting       | 1 2 3 4 5 6 |  6.7
Short Blades   | 1 2 3 4 5 6 |  6.7
Long Blades    | 1 2 3 4 5 6 |  6.7
Axes           | 1 2 3 4 5 6 |  6.7
Maces & Flails | 1 2 3 4 5 6 |  6.7
Polearms       | 1 2 3 4 5 6 |  6.7
Staves         | 1 2 3 4 5 6 |  6.7
Slings         | 1 2 3 4 5 6 |  6.7
Bows           | 1 2 3 4 5 6 |  6.7
Crossbows      | 1 2 3 4 5 6 |  6.7
Throwing       | 1 2 3 4 5 6 |  6.7
Armour         | 1 2 3 4 5 6 |  6.7
Shields        | 1 2 3 4 5 6 |  6.7
Unarmed Combat | 1 2 3 4 5 6 |  6.7
Evocations     | 1 2 3 4 5 6 |  6.7
Conjurations   | 1 2 3 4 5 |  5.6
Hexes          | 1 2 3 4 5 |  5.6
Summonings     | 1 2 3 4 5 |  5.6
Necromancy     | 1 2 3 4 5 |  5.6
Translocations | 1 2 3 4 5 |  5.6
Transmutations | 1 2 3 4 5 |  5.6
Fire Magic     | 1 2 3 4 5 |  5.6
Air Magic      | 1 2 3 4 5 |  5.6
Earth Magic    | 1 2 3 4 5 |  5.6
Poison Magic   | 1 2 3 4 5 |  5.6
Dodging        | 5 6 7 8 |  8.2
Stealth        | 5 6 7 8 |  8.0
Ice Magic      | 8 9 |  9.1

Action                   |  1- 3 |  4- 6 |  7- 9 | 10-12 || total
-------------------------+-------+-------+-------+-------++-------
Melee: Short sword       |     7 |    57 |     5 |       ||    69
       Bite              |     1 |     6 |    13 |    33 ||    53
       Punch             |       |     2 |       |       ||     2
       Halberd           |       |       |    11 |       ||    11
       Mace              |       |       |    48 |       ||    48
       Triple sword      |       |       |    43 |   167 ||   210
Throw: Stone             |     4 |       |     1 |     9 ||    14
 Cast: Freeze            |    42 |    37 |    10 |    10 ||    99
       Frozen Ramparts   |     2 |    10 |    26 |    49 ||    87
       Summon Ice Beast  |       |     2 |    10 |    60 ||    72
       Hailstorm         |       |       |     1 |     6 ||     7
       Ozocubu's Armour  |       |       |       |     7 ||     7
       Airstrike         |       |       |       |     1 ||     1
Evoke: Wand              |       |       |       |     2 ||     2
  Use: Scroll            |       |       |    11 |    16 ||    27
       Potion            |       |       |       |     6 ||     6
 Stab: Sleeping          |     1 |     3 |     8 |     2 ||    14
       Distracted        |     1 |     1 |       |       ||     2
       Confused          |       |       |       |     1 ||     1
Armor: Robe              |     8 |     2 |       |       ||    10
       Troll leather arm |       |    13 |    43 |    60 ||   116
       Skin              |       |       |       |     1 ||     1
Dodge: Dodged            |    17 |    54 |   140 |   229 ||   440
Block: Buckler           |       |       |    11 |       ||    11
       Other             |       |       |       |    51 ||    51
       Reflection        |       |       |       |     1 ||     1
       Rpst.: Triple sword |       |       |    10 |    53 ||    63

Table legend: (Time is in decaauts)
 A = Elapsed time spent in this place.
 B = Non-inter-level travel time spent in this place.
 C = Inter-level travel time spent in this place.
 D = Time resting spent in this place.
 E = Time spent auto-exploring this place.
 F = Levels seen in this place.
 G = Mean time per level.
                   A        B        C        D        E       F      G
               +--------+--------+--------+--------+--------+-----+--------+
         Total |  12418 |  11982 |    436 |   2726 |   6333 |  14 |  887.0 |
       Dungeon |  12141 |  11712 |    429 |   2679 |   6200 |  12 | 1011.8 |
        Temple |     31 |     24 |      7 |      0 |     18 |   1 |   31.0 |
         Sewer |    244 |    244 |      0 |     47 |    115 |   1 |  244.0 |
               +--------+--------+--------+--------+--------+-----+--------+

Top non-repeatable levels by time:
    D:10: 1617 daAuts
     D:1: 1281 daAuts
     D:8: 1194 daAuts
    D:11: 1192 daAuts
     D:9: 1121 daAuts
     D:7: 1008 daAuts
     D:2: 955 daAuts
     D:5: 894 daAuts
     D:3: 853 daAuts
     D:6: 811 daAuts
     D:4: 711 daAuts
    D:14: 501 daAuts
   Sewer: 244 daAuts
  Temple: 31 daAuts
